 Dungeon Crawl Stone Soup version 0.31.0-11-ge490571c62 (webtiles) character file.

Game seed: 4194460265184551540

211414 monsoonserge the Marksspriggan (level 17, -3/100 HPs)
             Began as a Spriggan Monk on Jan 28, 2024.
             Was the Champion of Okawaru.
             Killed from afar by Nikola (61 damage)
             ... with an arc of chain lightning
             ... on level 3 of the Snake Pit on Jan 29, 2024.
             The game lasted 02:55:14 (32453 turns).

monsoonserge the Marksspriggan (Spriggan Monk)     Turns: 32453, Time: 02:55:15

Health: -3/100     AC:  7    Str:  7    XL:     17   Next: 91%
Magic:  19/25      EV: 56    Int: 20    God:    Okawaru [******]
Gold:   2339       SH: 14    Dex: 40    Spells: 11/26 levels left

rFire   . . .        h - +9 hand cannon (freeze)
rCold   . . .        Q - +2 buckler of Elitism {rElec Int+8 Dex+3}
rNeg    . . .        r - +2 robe {Will+}
rPois   +            t - +1 hat of the Land of Plenty {Dex+6}
rElec   +            i - +1 cloak of Starlight {*Dazzle EV+4 Stlth--}
rCorr   .            (gloves unavailable)
SInv    +            (boots unavailable)
Will    +++..        d - amulet of the acrobat
Stlth   ++++         Z - ring of poison resistance
HPRegen 0.36/turn    C - +6 ring of dexterity
MPRegen 0.19/turn

%: acrobat
@: heroic, finesse-ful, studying Shapeshifting, very quick
A: very small, no large weapons, unfitting armour, see invisible, speed 3
}: 1/15 runes: barnacled
a: Renounce Religion, Heroism, Finesse, Duel


You were on level 3 of the Snake Pit.
You worshipped Okawaru.
Okawaru was exalted by your worship.
You visited 6 branches of the dungeon, and saw 30 of its levels.
You also visited: Sewer and Ice Cave.

You collected 2800 gold pieces.
You spent 461 gold pieces at shops.

Inventory:

Hand Weapons
 h - a +9 hand cannon of freezing (weapon)
Missiles
 F - 10 darts of dispersal
 O - 11 atropa-tipped darts
 P - 6 throwing nets
 S - 5 datura-tipped darts
 T - 2 curare-tipped darts
Armour
 i - the +1 cloak of Starlight (worn) {*Dazzle EV+4 Stlth--}
   (You acquired it on level 9 of the Dungeon)

   *Dazzle:   It may blind those who miss an attack against the wearer in melee
   combat.
   EV+4:      It affects your evasion (+4).
   Stlth--:   It makes you much less stealthy.
 r - a +2 robe of willpower (worn)
 t - the +1 hat of the Land of Plenty (worn) {Dex+6}
   (Okawaru gifted it to you on level 3 of the Lair of Beasts)

   Dex+6:     It affects your dexterity (+6).
 K - +0 acid dragon scales
 Q - the +2 buckler of Elitism (worn) {rElec Int+8 Dex+3}
   (You found it on level 9 of the Dungeon)

   Int+8:     It affects your intelligence (+8).
   Dex+3:     It affects your dexterity (+3).
   rElec:     It insulates you from electricity.
Jewellery
 d - an amulet of the acrobat (around neck)
 f - a +4 ring of protection
 C - a +6 ring of dexterity (right hand)
 D - a ring of willpower
 H - a ring of resist corrosion
 L - a +6 ring of strength
 M - a ring of flight
 W - a ring of protection from cold
 Z - a ring of poison resistance (left hand)
Wands
 b - a wand of flame (23)
 l - a wand of polymorph (11)
 s - a wand of quicksilver (9)
 R - a wand of roots (46)
Scrolls
 a - 4 scrolls of blinking
 e - 16 scrolls of teleportation
 g - 6 scrolls of immolation
 j - 3 scrolls of fear
 k - 4 scrolls of enchant armour
 n - 8 scrolls of amnesia
 q - a scroll of vulnerability
 u - 5 scrolls of torment
 y - 3 scrolls of silence
 G - 6 scrolls of revelation
 I - 2 scrolls of fog
 N - a scroll of brand weapon
 V - a scroll of poison
Potions
 c - a potion of ambrosia
 m - 4 potions of heal wounds
 o - 3 potions of magic
 p - 2 potions of haste
 v - 4 potions of resistance
 w - 4 potions of might
 x - 3 potions of cancellation
 z - 3 potions of mutation
 A - 5 potions of lignification
 B - a potion of invisibility
 E - 3 potions of curing
 J - 2 potions of enlightenment
 X - a potion of berserk rage
 Y - a potion of brilliance
Miscellaneous
 U - a phial of floods


   Skills:
 + Level 16.0(21.0) Fighting
 - Level 6.4(11.4) Short Blades
 - Level 18.0(23.0) Ranged Weapons
 + Level 13.7(18.7) Dodging
 + Level 6.1(11.1) Stealth
 * Level 12.8(17.8) Shields
 - Level 5.0 Spellcasting
 - Level 7.0 Hexes
 - Level 8.0 Translocations
 + Level 10.0 Invocations
 * Level 6.3 Evocations


You had 11 spell levels left.
You knew the following spells:

 Your Spells              Type           Power      Damage    Failure   Level
a - Dimensional Bullseye  Hex/Tloc       17%        N/A       6%          4
b - Sigil of Binding      Hex            33%        N/A       2%          3
c - Passage of Golubria   Tloc           37%        N/A       4%          4
d - Blink                 Tloc           74%        N/A       1%          2
e - Jinxbite              Hex            66%        N/A       1%          2

Your spell library contained the following spells:

 Spells                   Type           Power      Damage    Failure   Level
 Lesser Beckoning         Tloc           74%        N/A       1%          2
 Confusing Touch          Hex            33%        N/A       2%          3
 Ensorcelled Hibernation  Hex/Ice        38%        N/A       4%          2
 Momentum Strike          Conj/Tloc      42%        3d9       4%          2
 Foxfire                  Conj/Fire      20%        2x1d5     14%         1
 Kiss of Death            Conj/Necr      20%        2d7       14%         1
 Passwall                 Erth           5%         N/A       38%         3
 Swiftness                Air            5%         N/A       38%         3
 Yara's Violent Unravell  Hex/Alch       9%         3d6       65%         5
 Dispel Undead            Necr           5%         3d7       80%         4
 Borgnjor's Vile Clutch   Necr/Erth      2%         N/A       98%         5
 Conjure Ball Lightning   Conj/Air       2%         3x3d6     100%        6
 Plasma Beam              Fire/Air       2%         2x1d12    100%        6
 Starburst                Conj/Fire      2%         6d3       100%        6
 Enfeeble                 Hex            16%        N/A       100%        7
 Discord                  Hex            16%        N/A       100%        8
 Disjunction              Tloc           18%        N/A       100%        8
 Tukima's Dance           Hex            Unusable   N/A       N/A         3
 Call Canine Familiar     Summ           Unusable   N/A       N/A         3
 Summon Ice Beast         Ice/Summ       Unusable   N/A       N/A         3
 Summon Mana Viper        Hex/Summ       Unusable   N/A       N/A         5
 Animate Dead             Necr           Unusable   N/A       N/A         4
 Death Channel            Necr           Unusable   N/A       N/A         6
 Monstrous Menagerie      Summ           Unusable   N/A       N/A         7

Dungeon Overview and Level Annotations

Branches:
Dungeon (15/15)            Temple (1/1) D:7            Lair (5/5) D:8
 Shoals (4/4) Lair:3        Snake (3/4) Lair:2        Slime (0/5) Lair:4
    Orc (2/2) D:11            Elf (0/3) Orc:2        Vaults (0/5) D:13
 Depths (0/4) D:15          Sewer (visited)           IceCv (visited)

Altars:
Ashenzari
Cheibriados
Dithmenos
Elyvilon
Fedhas
Gozag
Hepliaklqana
Kikubaaqudgha
Makhleb
Nemelex Xobeh
Okawaru
Qazlal
Ru
Sif Muna
Trog
Uskayaw
Vehumet
Wu Jian
Xom
Yredelemnul
Zin
The Shining One
Jiyva

Shops:
D:3 (   D:4 :   D:10 [   Orc:1 *   Orc:2 ((!(   Shoals:3 (   Shoals:4 [
Snake:2 =?

Portals:
Trove: D:12 (give +3 storm dragon scales)

Annotations:
Shoals:2 3 runed translucent doors, Furuly's ghost, adept HOFi
Snake:3 Nikola


Innate Abilities, Weirdness & Mutations

You are very small and have problems with some larger weapons.
You are too small for most types of armour.
You have supernaturally acute eyesight. (SInv)
You cover ground extremely quickly. (Speed+++)


Message History

Aim: Nikola, wielding a +0 rapier of electrocution, wearing a +0 cloak and wearing a +1 pair of gloves (lightly wounded, 84% to hit)
You shoot a bolt. The bolt hits Nikola!
The bolt freezes Nikola.
Nikola is moderately wounded.
Fire: h) +9 hand cannon (freeze)
Press: ? - help, Q - select action, (/) - cycle Shift-Dir - straight line, f/p - Nikola
Aim: Nikola, wielding a +0 rapier of electrocution, wearing a +0 cloak and wearing a +1 pair of gloves (magical condensation, moderately wounded, 84% to hit)
You shoot a bolt. The bolt hits Nikola.
The bolt freezes Nikola.
Nikola is moderately wounded.
Fire: h) +9 hand cannon (freeze)
Press: ? - help, Q - select action, (/) - cycle Shift-Dir - straight line, f/p - Nikola
Aim: Nikola, wielding a +0 rapier of electrocution, wearing a +0 cloak and wearing a +1 pair of gloves (magical condensation, moderately wounded, 84% to hit)
You shoot a bolt. The bolt hits Nikola.
The bolt freezes Nikola.
Nikola is moderately wounded.
Nikola hits you with a +0 rapier of electrocution!
Fire: h) +9 hand cannon (freeze)
Press: ? - help, Q - select action, (/) - cycle Shift-Dir - straight line, f/p - Nikola
Aim: Nikola, wielding a +0 rapier of electrocution, wearing a +0 cloak and wearing a +1 pair of gloves (magical condensation, moderately wounded, 84% to hit)
You shoot a bolt. The bolt hits Nikola!
The bolt freezes Nikola.
Nikola is moderately wounded.
Fire: h) +9 hand cannon (freeze)
Press: ? - help, Q - select action, (/) - cycle Shift-Dir - straight line, f/p - Nikola
Aim: Nikola, wielding a +0 rapier of electrocution, wearing a +0 cloak and wearing a +1 pair of gloves (magical condensation, moderately wounded, 84% to hit)
You shoot a bolt. The bolt hits Nikola!!
The bolt freezes Nikola.
Nikola is heavily wounded.
Nikola misses you.
Fire: h) +9 hand cannon (freeze)
Press: ? - help, Q - select action, (/) - cycle Shift-Dir - straight line, f/p - Nikola
Aim: Nikola, wielding a +0 rapier of electrocution, wearing a +0 cloak and wearing a +1 pair of gloves (magical condensation, heavily wounded, 84% to hit)
You shoot a bolt. The bolt hits Nikola.
The bolt freezes Nikola.
Nikola is heavily wounded.
Fire: h) +9 hand cannon (freeze)
Press: ? - help, Q - select action, (/) - cycle Shift-Dir - straight line, f/p - Nikola
Aim: Nikola, wielding a +0 rapier of electrocution, wearing a +0 cloak and wearing a +1 pair of gloves (magical condensation, heavily wounded, 84% to hit)
You shoot a bolt. The bolt hits Nikola!!!
The bolt freezes Nikola.
Nikola is almost dead.
Nikola mumbles some strange words.
Lightning arcs from Nikola's hands!
The bolt of lightning hits you!!! You resist.
Ouch! That really hurt!
You die...

.. #....... #.#
##.#..... ##.#
##.###.... ....#
##.####.... .....#
#....##†... ......#
##....##....
.......######...........
.......○°...........###.
......°@##.........##...
......@###........##....
....... #.......##.....
......# #......###.....
...... ##.....##......
#..... #......#......
.....# ##.....#....... #
)#### #......#....... ##
##........)).###


You could see Nikola.

Vanquished Creatures
  Bai Suzhen (Shoals:3)
  Jorgrun (Snake:1)
  Frances (D:12)
  A nagaraja (Snake:3)
  Ilsuiw (Shoals:3)
  Aizul (Snake:3)
  An orc warlord (D:11)
  An ironbound thunderhulk (D:13)
  Azrael (D:12)
  6 merfolk javelineers (Shoals:4)
  An entropy weaver (shapeshifter) (D:13)
  An ettin (Orc:2)
  Snorg (D:11)
  6 merfolk impalers
  Josephine (D:11)
  4 hydras
  Erolcha (D:13)
  A rakshasa (D:15)
  2 vault guards (D:13)
  2 salamander tyrants
  3 alligator snapping turtles (Shoals:4)
  6 anacondas
  The ghost of Xavori the Carver, a journeyman DjCK of Xom (Lair:1)
  4 ogre magi (Orc:2)
  A catoblepas (Lair:5)
  5 merfolk aquamancers
  5 boulder beetles
  5 centaur warriors
  2 tengu warriors
  16 death yaks
  2 satyrs
  A deep troll shaman (Lair:5)
  2 merfolk avatars (Shoals:4)
  Urug (D:10)
  8 naga warriors
  A death knight (D:15)
  15 two-headed ogres
  3 shock serpents (Snake:3)
  4 naga sharpshooters
  An occultist (D:15)
  An orc high priest (D:11)
  Nergalle (D:11)
  3 skysharks
  A salamander mystic (Snake:3)
  14 sea snakes
  4 mana vipers (Snake:3)
  6 harpies
  Pikel (D:5)
  4 naga ritualists
  A necromancer (D:15)
  A lindwurm (Lair:5)
  4 deep elf pyromancers
  3 ugly things
  A deep elf zephyrmancer (D:15)
  10 cyclopes
  An oklob plant (Lair:1)
  4 orc sorcerers
  3 fauns (Shoals:1)
  A centaur zombie (D:15)
  14 salamanders
  10 manticores
  7 naga magi
  7 elephants
  6 merfolk sirens
  27 black mambas
  2 guardian serpents
  9 water nymphs
  2 gargoyles
  3 ice statues (IceCv)
  3 molten gargoyles (D:11)
  2 kobold blastminers (Orc:2)
  11 cane toads
  2 centaur skeletons (D:15)
  Jeremiah (D:6)
  A freezing wraith (IceCv)
  4 kobold demonologists
  A rime drake (Lair:5)
  An anaconda simulacrum (IceCv)
  2 tengu conjurers (D:15)
  10 komodo dragons
  11 trolls
  2 polar bears
  25 merfolk
  8 wind drakes
  16 blink frogs
  A wolf spider simulacrum (D:15)
  12 snapping turtles
  3 hornets
  9 dream sheep
  A vampire (D:11)
  18 slime creatures
  A centaur simulacrum (D:14)
  2 shadows
  54 yaks
  8 wraiths
  3 wyverns
  4 fire elementals (D:12)
  3 steam dragons
  14 water elementals
  4 basilisks
  16 vampire mosquitoes
  3 wargs
  Edmund (D:4)
  22 nagas
  A harpy simulacrum (IceCv)
  20 water moccasins
  A hydra simulacrum (IceCv)
  4 acid dragons
  Duvessa (D:6)
  3 hell hounds
  A meliai simulacrum (D:14)
  23 orc warriors
  Pargi (Sewer)
  2 ice beasts
  6 sky beasts
  6 black bears
  25 ogres
  19 wolves
  A lemure (D:5)
  16 centaurs
  2 phantoms
  3 kobold brigands
  Blork the orc (D:6)
  A brain worm (Sewer)
  13 bullfrogs
  3 gnoll sergeants
  2 cane toad simulacra (IceCv)
  3 scorpions (D:6)
  3 wights (D:7)
  Dowan (D:6)
  An elephant simulacrum (IceCv)
  9 killer bees
  9 electric eels
  4 howler monkeys
  7 hounds
  6 jellies
  A lava snake (D:11)
  12 orc priests
  2 bombardier beetles
  A gnoll bouda (D:5)
  A sleepcap (D:7)
  Terence (D:3)
  Natasha (thrice) (D:3)
  3 iguanas
  26 orc wizards
  A polar bear simulacrum (IceCv)
  A wolf simulacrum (IceCv)
  16 gnolls
  6 adders
  2 shadow imps
  20 white imps
  2 ufetubi
  2 dart slugs (D:2)
  88 orcs
  7 ball pythons
  4 endoplasms
  4 giant cockroaches
  5 goblins
  5 hobgoblins
  8 bats
  2 frilled lizards
  20 kobolds
  6 rats
998 creatures vanquished.

Vanquished Creatures (others)
  A hydra (D:14)
  A mana viper (Snake:3)
  A black mamba (Snake:3)
  A molten gargoyle (D:11)
  A centaur simulacrum (D:14)
5 creatures vanquished.

Grand Total: 1003 creatures vanquished

Notes
Turn   | Place    | Note
-------+----------+-------------------------------------------
     0 | D:1      | monsoonserge the Spriggan Monk began the quest for the Orb.
     0 | D:1      | Reached XP level 1. HP: 11/11 MP: 2/2
   196 | D:1      | Reached XP level 2. HP: 15/16 MP: 3/3
   878 | D:2      | Reached XP level 3. HP: 19/19 MP: 4/4
   970 | D:2      | Found a stormy altar of Qazlal.
  1325 | D:3      | Found a transporter.
  1329 | D:3      | Found a transporter.
  1350 | D:3      | Noticed Terence
  1366 | D:3      | Killed Terence
  1367 | D:3      | Reached XP level 4. HP: 22/23 MP: 5/5
  1404 | D:3      | Reached skill level 1 in Stealth
  1414 | D:3      | Noticed Natasha
  1416 | D:3      | Killed Natasha
  1417 | D:3      | Reached skill level 5 in Short Blades
  1503 | D:3      | Found a glowing drain.
  1511 | Sewer    | Entered a sewer
  1534 | Sewer    | Noticed a brain worm
  1539 | Sewer    | Noticed Pargi
  1545 | Sewer    | Killed a brain worm
  1546 | Sewer    | Reached skill level 5 in Dodging
  1546 | Sewer    | Reached XP level 5. HP: 28/28 MP: 6/6
  1549 | Sewer    | Killed Pargi
  1550 | Sewer    | Reached XP level 6. HP: 32/32 MP: 7/7
  1753 | D:3      | Found a faded altar of an unknown god.
  1848 | D:3      | Noticed Natasha
  1864 | D:3      | Killed Natasha
  1900 | D:3      | Found Naunt's Antique Weapon Boutique.
  1906 | D:3      | Bought an encrusted sling for 162 gold pieces
  1906 | D:3      | Identified the +8 sling of Excruciating Pain {drain, rElec
                  | rCorr Int-5 SInv} (You bought it in a shop on level 3 of
                  | the Dungeon)
  2160 | D:3      | Noticed Natasha
  2162 | D:3      | Killed Natasha
  2233 | D:4      | Reached skill level 1 in Ranged Weapons
  2327 | D:4      | Reached skill level 2 in Ranged Weapons
  2329 | D:4      | Reached XP level 7. HP: 36/36 MP: 8/8
  2350 | D:4      | Reached skill level 3 in Ranged Weapons
  2387 | D:4      | Found Acoefink's Book Boutique.
  2499 | D:4      | Noticed Edmund
  2548 | D:4      | Killed Edmund
  2549 | D:4      | Reached skill level 4 in Ranged Weapons
  2747 | D:5      | Entered Level 5 of the Dungeon
  2868 | D:5      | Found a white marble altar of Elyvilon.
  2922 | D:5      | Reached skill level 5 in Ranged Weapons
  3007 | D:5      | Reached XP level 8. HP: 40/40 MP: 9/9
  3131 | D:5      | Reached skill level 1 in Shields
  3259 | D:5      | Reached skill level 6 in Ranged Weapons
  3531 | D:6      | Noticed Duvessa
  3531 | D:6      | Noticed Dowan
  3601 | D:6      | Killed Duvessa
  3606 | D:6      | Noticed Pikel
  3657 | D:6      | Reached skill level 7 in Ranged Weapons
  3666 | D:6      | Noticed Jeremiah
  4101 | D:6      | Killed Dowan
  4121 | D:5      | Killed Pikel
  4122 | D:5      | Reached skill level 8 in Ranged Weapons
  4122 | D:5      | Reached XP level 9. HP: 37/46 MP: 10/10
  4350 | D:6      | Reached skill level 9 in Ranged Weapons
  4509 | D:6      | Reached skill level 5 in Fighting
  4538 | D:6      | Paralysed by a hornet for 2 turns
  4614 | D:6      | Noticed Blork the orc
  4617 | D:6      | Killed Blork the orc
  5062 | D:6      | Killed Jeremiah
  5063 | D:6      | Reached skill level 10 in Ranged Weapons
  5517 | D:7      | Reached XP level 10. HP: 52/52 MP: 11/11
  5549 | D:7      | Found a staircase to the Ecumenical Temple.
  5555 | Temple   | Entered the Ecumenical Temple
  5670 | D:7      | Reached skill level 11 in Ranged Weapons
  5670 | D:7      | Found a shimmering altar of Xom.
  5707 | D:7      | Found an iron altar of Okawaru.
  5722 | D:7      | Became a worshipper of Warmaster Okawaru
  5722 | D:7      | Reached * piety under Okawaru
  5722 | D:7      | Reached ** piety under Okawaru
  5963 | D:7      | Found an iron altar of Okawaru.
  5988 | D:7      | Reached skill level 1 in Invocations
  6265 | D:7      | Identified the +4 ring mail "Cemeim" {rF++ Will++ Str-3}
  6265 | D:7      | Noticed a gargoyle
  6267 | D:7      | Noticed a boulder beetle
  6272 | D:7      | Killed a gargoyle
  6272 | D:7      | Reached *** piety under Okawaru
  6299 | D:7      | Reached skill level 12 in Ranged Weapons
  6303 | D:7      | Killed a boulder beetle
  6317 | D:7      | Noticed a cyclops
  6359 | D:7      | Killed a cyclops
  6364 | D:7      | Noticed a two-headed ogre
  6374 | D:7      | Killed a two-headed ogre
  6374 | D:7      | Reached **** piety under Okawaru
  6375 | D:7      | Reached XP level 11. HP: 59/59 MP: 12/14
  6448 | D:7      | Noticed a white ugly thing
  6458 | D:7      | Killed a white ugly thing
  6459 | D:7      | Reached skill level 13 in Ranged Weapons
  6460 | D:7      | Identified the +9 spear of Nolo Contendere {pain, rC+}
  6721 | D:8      | Reached ***** piety under Okawaru
  6851 | D:8      | Found a staircase to the Lair.
  7052 | D:8      | Found a sacrificial altar of Ru.
  7146 | D:8      | Found a shimmering blue altar of Sif Muna.
  7230 | D:8      | Received a gift from Okawaru
  7303 | D:8      | Found a sparkling altar of Nemelex Xobeh.
  7468 | D:9      | Noticed a deep elf pyromancer
  7472 | D:9      | Killed a deep elf pyromancer
  7535 | D:9      | Identified the +2 buckler of Elitism {rElec Int+8 Dex+3}
  7577 | D:9      | Found a stormy altar of Qazlal.
  7834 | D:9      | Identified the +10 quarterstaff "Vousk" {pain, rPois rF-
                  | Will++}
  8007 | D:9      | Found an ancient bone altar of Kikubaaqudgha.
  8007 | D:9      | Found a snail-covered altar of Cheibriados.
  8097 | D:10     | Entered Level 10 of the Dungeon
  8113 | D:10     | Reached skill level 14 in Ranged Weapons
  8119 | D:10     | Paralysed by a hornet for 2 turns
  8124 | D:10     | Noticed Urug
  8127 | D:10     | Paralysed by a hornet for 1 turns
  8243 | D:9      | Identified a scroll of acquirement
  8244 | D:9      | Acquired the +1 cloak of Starlight {*Dazzle EV+4 Stlth--}
  8244 | D:9      | Found the +1 cloak of Starlight {*Dazzle EV+4 Stlth--}
  8291 | D:10     | Noticed a two-headed ogre
  8304 | D:10     | Killed a two-headed ogre
  8497 | Lair:1   | Entered Level 1 of the Lair of Beasts
  8579 | Lair:1   | Noticed an oklob plant
  8585 | Lair:1   | Killed an oklob plant
  8645 | Lair:1   | Found a transporter.
  8645 | Lair:1   | Noticed a four-headed hydra
  8651 | Lair:1   | Noticed Xavori's ghost (journeyman DjCK)
  8652 | Lair:1   | Found a transporter.
  8661 | Lair:1   | Reached skill level 10 in Fighting
  8685 | Lair:1   | Received a gift from Okawaru
  8686 | Lair:1   | Reached XP level 12. HP: 67/67 MP: 16/16
  8694 | Lair:1   | Reached skill level 5 in Invocations
  8908 | Lair:1   | Reached skill level 5 in Shields
  8965 | Lair:1   | Found a shadowy altar of Dithmenos.
  9583 | Lair:2   | Received a gift from Okawaru
  9649 | Lair:2   | Found a staircase to the Snake Pit.
 10130 | Lair:3   | Noticed a death yak
 10131 | Lair:3   | Noticed a death yak
 10150 | Lair:3   | Noticed a death yak
 10152 | Lair:3   | Noticed a death yak
 10351 | Lair:3   | Noticed a death yak
 10353 | Lair:3   | Noticed a death yak
 10394 | Lair:3   | Killed a death yak
 10394 | Lair:3   | Received a gift from Okawaru
 10455 | Lair:3   | Killed a death yak
 10456 | Lair:3   | Reached skill level 5 in Stealth
 10465 | Lair:3   | Killed a death yak
 10615 | Lair:3   | Found a staircase to the Shoals.
 10897 | Lair:3   | Killed a death yak
 10898 | Lair:3   | Reached XP level 13. HP: 74/74 MP: 17/19
 10918 | Lair:3   | Reached ****** piety under Okawaru
 11252 | Lair:4   | Acquired the +1 hat of the Land of Plenty {Dex+6}
 11252 | Lair:4   | Received a gift from Okawaru
 11355 | Lair:4   | Received a gift from Okawaru
 11398 | Lair:4   | Found a staircase to the Slime Pits.
 11410 | Lair:4   | Found a viscous altar of Jiyva.
 12105 | Lair:4   | Learned a level 4 spell: Dimensional Bullseye
 12114 | Lair:5   | Entered Level 5 of the Lair of Beasts
 12202 | Lair:4   | Reached skill level 1 in Spellcasting
 12224 | Lair:4   | Reached skill level 1 in Translocations
 12229 | Lair:4   | Learned a level 3 spell: Sigil of Binding
 12286 | Lair:5   | Received a gift from Okawaru
 12294 | Lair:5   | Reached skill level 1 in Hexes
 13570 | Lair:5   | Reached XP level 14. HP: 61/82 MP: 21/21
 13752 | Lair:5   | Received a gift from Okawaru
 13753 | Lair:5   | Reached skill level 10 in Dodging
 13912 | Lair:5   | Got an earthy gem with 80 turns to spare
 13923 | Lair:5   | Identified the +1 spear of Valour {freeze, rF+ rCorr Dex-4}
 14264 | D:10     | Found a hide-covered altar of Uskayaw.
 14418 | D:10     | Killed Urug
 14532 | D:10     | Found Pexothrit's Armour Shop.
 14829 | D:11     | Noticed Snorg
 14882 | D:11     | Killed Snorg
 15043 | D:11     | Found a frozen archway.
 15088 | IceCv    | Entered an ice cave
 16430 | D:11     | Noticed Josephine
 16548 | D:10     | Acquired a +0 hand cannon of freezing
 16548 | D:10     | Received a gift from Okawaru
 16611 | D:11     | Received a gift from Okawaru
 16855 | D:11     | Found a staircase to the Orcish Mines.
 16948 | D:11     | Killed Josephine
 16955 | D:11     | Reached skill level 5 in Translocations
 17358 | D:12     | Reached skill level 5 in Hexes
 17535 | D:12     | Found a portal to a secret trove of treasure.
 17613 | D:12     | Noticed Frances
 17628 | D:12     | Killed Frances
 17715 | D:12     | Noticed Azrael
 17743 | D:12     | Killed Azrael
 17743 | D:12     | Received a gift from Okawaru
 17763 | D:11     | Identified the +5 short sword of Purpose {spect, rElec}
 18279 | D:13     | Learned a level 4 spell: Passage of Golubria
 18308 | D:13     | Noticed Erolcha
 18340 | D:13     | Killed Erolcha
 18433 | D:13     | Learned a level 2 spell: Blink
 18723 | D:13     | Reached XP level 15. HP: 88/88 MP: 23/23
 19176 | D:13     | Reached skill level 5 in Spellcasting
 19262 | D:13     | Found a gate to the Vaults.
 19356 | D:14     | Identified the +7 quarterstaff "Nydaumij" {speed, Int+3}
 19534 | D:14     | Received a gift from Okawaru
 19535 | D:14     | Reached skill level 15 in Ranged Weapons
 20245 | D:15     | Entered Level 15 of the Dungeon
 20764 | D:15     | Found a staircase to the Depths.
 21365 | Orc:1    | Entered Level 1 of the Orcish Mines
 21629 | Orc:1    | Noticed Nergalle
 21679 | D:11     | Killed Nergalle
 21734 | Orc:1    | Found Genoj's Assorted Antiques.
 22061 | Orc:2    | Entered Level 2 of the Orcish Mines
 22075 | Orc:2    | Received a gift from Okawaru
 22253 | Orc:2    | Found a staircase to the Elven Halls.
 22323 | Orc:2    | Reached skill level 16 in Ranged Weapons
 22497 | Orc:2    | Received a gift from Okawaru
 22574 | Orc:2    | Found Moatyg's Distillery.
 22574 | Orc:2    | Found Lailag's Weapon Shop.
 22575 | Orc:2    | Found Takk's Weapon Boutique.
 22575 | Orc:2    | Found Amol Wof's Antique Weapon Shoppe.
 22588 | Orc:2    | Bought a potion of brilliance for 52 gold pieces
 22900 | Lair:1   | Killed Xavori's ghost
 22924 | Lair:1   | Reached XP level 16. HP: 93/93 MP: 24/24
 22982 | Shoals:1 | Entered Level 1 of the Shoals
 23555 | Shoals:1 | Reached skill level 17 in Ranged Weapons
 23816 | Shoals:1 | Received a gift from Okawaru
 24884 | Shoals:2 | Learned a level 2 spell: Jinxbite
 24887 | Shoals:2 | Found a runed translucent gate.
 24893 | Shoals:2 | Found a runed translucent gate.
 24894 | Shoals:2 | Found a runed translucent gate.
 24904 | Shoals:2 | Noticed Furuly's ghost (adept HOFi)
 24941 | Shoals:2 | Reached skill level 10 in Invocations
 25782 | Shoals:3 | Noticed Bai Suzhen
 25807 | Shoals:3 | Killed Bai Suzhen
 25807 | Shoals:3 | Received a gift from Okawaru
 25811 | Shoals:3 | Noticed Ilsuiw
 26451 | Shoals:3 | Killed Ilsuiw
 26452 | Shoals:3 | Reached skill level 18 in Ranged Weapons
 26452 | Shoals:3 | Reached skill level 10 in Shields
 26578 | Shoals:3 | Found Ecuamug's Weapon Boutique.
 27075 | Shoals:4 | Entered Level 4 of the Shoals
 27253 | Shoals:3 | Received a gift from Okawaru
 27419 | Shoals:4 | Found Moivup's Armour Boutique.
 28803 | Shoals:4 | Reached XP level 17. HP: 94/98 MP: 21/25
 28816 | Shoals:3 | Received a gift from Okawaru
 28820 | Shoals:3 | Reached skill level 15 in Fighting
 29055 | Shoals:4 | Got a barnacled rune of Zot
 29082 | Shoals:4 | Reached skill level 1 in Evocations
 29399 | Snake:1  | Entered Level 1 of the Snake Pit
 29420 | Snake:1  | Noticed Jorgrun
 29437 | Snake:1  | Killed Jorgrun
 29779 | Snake:1  | Received a gift from Okawaru
 30660 | Snake:2  | Found Pitaeng's Magic Scroll Shop.
 30660 | Snake:2  | Found Yneghuha's Jewellery Emporium.
 31100 | Snake:3  | Received a gift from Okawaru
 31170 | Snake:2  | Bought 3 scrolls of enchant weapon for 247 gold pieces
 31327 | Snake:3  | Reached skill level 5 in Evocations
 31353 | Snake:3  | Identified the serpent talisman of Pandemonium {*Slow rElec
                  | rC+}
 31353 | Snake:3  | Noticed Aizul
 31361 | Snake:3  | Killed Aizul
 32092 | Snake:3  | Received a gift from Okawaru
 32435 | Snake:3  | Noticed Nikola
 32453 | Snake:3  | Killed from afar by Nikola

Illustrated notes

Levels and vault maps discovered:
D:1:      roadster_arrival_rocket_small, layout_rooms, minmay_cupped
D:2:      layout_loops_ring, basic_altar, item_on_display_a
D:3:      gammafunk_steamed_eel, layout_basic,
          mainiacjoe_sewer_entry_somewhere_in_here_1, serial_shops,
          nicolae_shop_behind_doors, hellmonk_ecumenical_altar_arch_garden,
          uniq_natasha, uniq_terence
D:4:      layout_rooms, serial_shops, shop, amcnicky_mini_pool_small,
          uniq_edmund
D:5:      layout_loops_cross, kennysheep_mini_moat
D:6:      layout_basic, serial_glass, glass_columns_c, glass_columns_a,
          st_stairs_4, uniq_jeremiah, uniq_duvessa, uniq_pikel,
          uniq_blork_the_orc
D:7:      minmay_the_grid_octo_tiled_octocenter [minmay_the_grid_octo_clover_2,
          minmay_the_grid_octo_empty, minmay_the_grid_octo_clover,
          minmay_the_grid_octo_pinwheel,
          minmay_the_grid_octo_prize_square_snowflake,
          minmay_the_grid_square_5x5_shrine1,
          minmay_the_grid_square_5x5_bracketed,
          minmay_the_grid_square_5x5_inverted_slash,
          minmay_the_grid_square_5x5_mess], layout_rooms,
          mainiacjoe_overflow_brackets, mainiacjoe_overflow_six_doors_small,
          minmay_temple_entry_fiery
D:8:      layout_basic, kennysheep_little_box,
          mainiacjoe_overflow_large_starburst, erik_lair_dragon
D:9:      layout_basic, nicolae_qazlal_eye_of_the_storm,
          amethyst_overflow_temple_binary
D:10:     layout_rooms, dancing_weapons_uskayaw, serial_shops, shop,
          st_stairs_10, hangedman_abyss_or_decor_passed, uniq_urug
D:11:     layout_loops_ring, erik_orc_2, gauntlet_entry_generic,
          portal_ice_cave_entry_imps, chequers_serial_rivers_micro_c,
          minivault_8, uniq_josephine, uniq_snorg
D:12:     layout_loops_cross, enter_trove_1, uniq_frances, uniq_azrael
D:13:     wad_crossroads, layout_basic, hellmonk_vaults_keyhole, uniq_erolcha
D:14:     layout_loops_ring, infiniplex_staircase_spiral, serial_ice,
          serial_ice_e, serial_ice_d, serial_ice_c, serial_ice_l, serial_ice_m,
          serial_ice_h, minivault_12
D:15:     grunt_enter_depths_magical_seal, layout_grid_maze,
          hangedman_decor_clover_reticule
Temple:   chequers_temple_sunken
Lair:1:   layout_hall_layers, basic_altar, gammafunk_ghost_arena,
          minmay_lair_oklob_bushes, infiniplex_staircase_pool
Lair:2:   layout_loops_ring, guppyfry_snake_entry_island, st_stairs_5,
          grunt_megastairs_1, serial_bayou_shore_b, lemuel_fruit_fields
Lair:3:   layout_gridlike, minmay_shoals_entry_centaurs
Lair:4:   layout_small_grid, nicolae_slime_entry_field_trip, grunt_megastairs_5
Lair:5:   grunt_lair_end_beastmaster, layout_cave_pods, lemuel_fruit_fields,
          infiniplex_staircase_pool_2, lemuel_fruit_fields
Shoals:1: layout_shoals
Shoals:2: layout_shoals, gammafunk_ghost_tricky_traps,
          nicolae_shoals_former_cling_ruins
Shoals:3: layout_shoals, serial_shops, shop, uniq_ilsuiw, uniq_bai_suzhen
Shoals:4: shoals_end_simple, layout_shoals, serial_shops, shop
Snake:1:  layout_misc_corridors, uniq_jorgrun
Snake:2:  layout_cave_town, nicolae_wooded_promenade, grunt_megastairs_4
Snake:3:  layout_chambers, serial_bayou_shore_a, grunt_megastairs_3, uniq_aizul,
          uniq_nikola, uniq_roxanne
Orc:1:    layout_caves, serial_shops, nicolae_shop_pleasant_corner_grove,
          basic_altar, mines2_lemuel, uniq_nergalle
Orc:2:    st_orc_ogre_mass, layout_caves, basic_altar, mines1_david

Skill      XL: |  1  2  3  4  5  6  7  8  9 10 11 12 13 14 15 16 17 |
---------------+----------------------------------------------------+-----
Short Blades   | 4 5 6 |  6.4
Stealth        | 2 3 4 5 6 |  6.1
Dodging        | 5 6 7 8 9 10 12 13 | 13.7
Fighting       | 3 4 5 7 10 11 13 14 16 | 16.0
Ranged Weapons | 2 5 8 10 12 14 16 18 | 18.0
Shields        | 2 3 4 6 7 8 9 11 12 | 12.8
Invocations    | 2 4 6 8 9 10 | 10.0
Spellcasting   | 2 4 5 |  5.0
Translocations | 2 6 7 8 |  8.0
Hexes          | 3 5 7 |  7.0
Evocations     | 6 |  6.3

Action                     |  1- 3 |  4- 6 |  7- 9 | 10-12 | 13-15 | 16-18 || total
---------------------------+-------+-------+-------+-------+-------+-------++-------
  Melee: Short sword       |   106 |    59 |       |       |       |       ||   165
   Fire: Sling             |       |    36 |   322 |   728 |   983 |       ||  2069
         Hand cannon       |       |       |       |       |   528 |   751 ||  1279
   Cast: Dimensional Bulls |       |       |       |       |     5 |    31 ||    36
         Blink             |       |       |       |       |     3 |     1 ||     4
         Sigil of Binding  |       |       |       |       |     1 |       ||     1
         Jinxbite          |       |       |       |       |       |     6 ||     6
 Invoke: Heroism           |       |       |       |     2 |     2 |     3 ||     7
         Receive Armour    |       |       |       |       |     1 |       ||     1
         Finesse           |       |       |       |       |     1 |     2 ||     3
         Receive Weapon    |       |       |       |       |     1 |       ||     1
  Evoke: Wand              |       |       |       |       |     5 |       ||     5
    Use: Potion            |       |     1 |       |     2 |       |     4 ||     7
         Scroll            |       |       |       |    16 |    12 |    12 ||    40
   Stab: Sleeping          |     4 |     2 |       |       |       |       ||     6
 Armour: Robe              |    25 |    17 |    28 |    51 |   129 |   112 ||   362
         Steam dragon scal |       |       |    32 |       |       |       ||    32
  Dodge: Dodged            |    70 |    29 |    43 |   151 |   377 |   368 ||  1038
  Block: Buckler           |     6 |     6 |    16 |    76 |   230 |   194 ||   528
